[Event "Titled Tuesday Blitz July 11 Early 2023"]
[White "Sattarov, Bobir"]
[Black "NLLO777"]
[WhiteFideId "14203081"]
[WhiteElo "2841"]
[BlackElo "2628"]
[Result "1-0"]
[Round "4"]
[TimeControl "180+2"]
[Date "2023.07.11"]
[WhiteClock "0:00:21"]
[BlackClock "0:00:09"]
[Board "18"]

1. e4 c5 2. Nf3 d6 3. Nc3 Nf6 4. e5 dxe5 5. Nxe5 Nbd7 6. d4 e6 7. Bb5 a6 8. Bxd7+ Nxd7 9. Qf3 Qf6 10. Bf4 Nxe5 11. dxe5 Qg6 12. O-O-O Be7 13. h4 h5 14. Rh3 Qf5 15. Ne4 O-O 16. Ng3 Qg4 17. Nxh5 Qxf3 18. Rxf3 b5 19. Rg3 g6 20. Bg5 Bxg5+ 21. Rxg5 Bb7 22. Nf6+ Kg7 23. h5 Rad8 24. Rxd8 Rxd8 25. hxg6 fxg6 26. Rg3 Rd4 27. c3 Rf4 28. Nh5+ Kh6 29. Nxf4 1-0


[Site "https://www.chess.com"]

[Event "Titled Tuesday Blitz July 11 Early 2023"]
[White "HamedWafa4"]
[Black "Vakhlamov, Igor L."]
[BlackFideId "24126748"]
[WhiteElo "2622"]
[BlackElo "2803"]
[Result "0-1"]
[Round "4"]
[TimeControl "180+2"]
[Date "2023.07.11"]
[WhiteClock "0:00:10"]
[BlackClock "0:00:30"]
[Board "19"]

1. e4 c5 2. Nf3 e6 3. d4 cxd4 4. Nxd4 Nf6 5. Nc3 Nc6 6. a3 d5 7. exd5 exd5 8. Bb5 Bd7 9. O-O Be7 10. Bf4 O-O 11. Nxc6 bxc6 12. Bd3 Bg4 13. Qd2 Bd6 14. Rfe1 Bh5 15. h3 a5 16. Ne2 a4 17. Ng3 Bg6 18. Bxg6 hxg6 19. Bxd6 Qxd6 20. Qb4 c5 21. Qd2 Rab8 22. Rab1 Rb7 23. Ne4 Nxe4 24. Rxe4 d4 25. c3 Qd5 26. Rbe1 Rd7 27. Qd3 Qb3 28. Qd2 d3 29. c4 Qc2 30. Rd1 Rb8 31. Re3 Rxb2 32. Qe1 d2 33. Re8+ Kh7 34. Qe2 Rb1 0-1


[Site "https://www.chess.com"]

[Event "Titled Tuesday Blitz July 11 Early 2023"]
[White "Bazeev, German"]
[Black "Borgaonkar Akshay"]
[WhiteFideId "24119350"]
[BlackFideId "25639110"]
[WhiteElo "2793"]
[BlackElo "2612"]
[Result "1-0"]
[Round "4"]
[TimeControl "180+2"]
[Date "2023.07.11"]
[WhiteClock "0:02:14"]
[BlackClock "0:00:49"]
[Board "20"]

1. d4 Nf6 2. Nf3 g6 3. c4 Bg7 4. Nc3 O-O 5. Bg5 d6 6. e3 Nbd7 7. Be2 c5 8. O-O b6 9. Rc1 Bb7 10. d5 a6 11. a4 Ne8 12. e4 h6 13. Bf4 Qc7 14. Qd2 g5 15. Bg3 Nef6 16. h3 Nh5 17. Bh2 Nhf6 18. Rfe1 g4 19. hxg4 Nxg4 20. Bg3 Ndf6 21. Nh4 Bc8 22. Nf5 Bxf5 23. exf5 h5 24. Bxg4 hxg4 25. Qg5 Kh7 26. Ne4 Nxe4 27. Rxe4 Bh6 28. Qh5 Rh8 29. Rxg4 Rag8 30. Qxf7+ Rg7 31. Rxg7+ Bxg7 32. f6 1-0


[Site "https://www.chess.com"]

[Event "Titled Tuesday Blitz July 11 Early 2023"]
[White "Bachmann, Axel"]
[Black "Vlassov, Nikolai"]
[WhiteFideId "3700488"]
[BlackFideId "4103360"]
[WhiteElo "2791"]
[BlackElo "2597"]
[Result "1-0"]
[Round "4"]
[TimeControl "180+2"]
[Date "2023.07.11"]
[WhiteClock "0:00:09"]
[BlackClock "0:00:05"]
[Board "21"]

1. e4 c5 2. Nf3 d6 3. c3 Nf6 4. h3 g6 5. Bd3 Bg7 6. Bc2 e5 7. O-O O-O 8. a3 Nc6 9. b4 h6 10. d3 Be6 11. Bb3 Qe7 12. Bxe6 Qxe6 13. b5 Ne7 14. c4 Nh5 15. Nc3 Nf4 16. Nd5 Nexd5 17. cxd5 Qd7 18. a4 f5 19. Rb1 Rf7 20. Re1 Raf8 21. Bxf4 exf4 22. Qb3 fxe4 23. Rxe4 Qf5 24. Re6 Rf6 25. Rbe1 g5 26. Qc4 h5 27. Qe4 g4 28. hxg4 hxg4 29. Qxf5 Rxf5 30. Nh4 Rxd5 31. Ng6 Rxd3 32. Nxf8 Bxf8 33. Rg6+ Kf7 34. Rxg4 Rd4 35. g3 Bh6 36. Rh4 Bg5 37. Rh7+ Kf6 38. gxf4 Bxf4 39. Rxb7 Rxa4 40. Re8 Be5 41. Ra8 c4 42. Raxa7 Rb4 43. Ra6 c3 44. Rc6 Rb2 45. b6 Ke6 46. Rbc7 Bd4 47. b7 Bxf2+ 48. Kf1 Bc5 49. Ra6 c2 50. Rxc5 Kd7 51. Rxc2 Rxb7 52. Rd2 Rb3 53. Raxd6+ Ke7 54. R6d3 Rb4 55. Re3+ Kf6 56. Rf2+ Kg5 57. Rg3+ Kh4 58. Kg2 Rb8 59. Rg7 Kh5 60. Kh1 Kh6 61. Rg1 Rb3 62. Rh2+ 1-0


[Site "https://www.chess.com"]

[Event "Titled Tuesday Blitz July 11 Early 2023"]
[White "Kuzmin, Roman"]
[Black "Maximov, Dmitry"]
[WhiteFideId "44134932"]
[BlackFideId "14105659"]
[WhiteElo "2552"]
[BlackElo "2781"]
[Result "0-1"]
[Round "4"]
[TimeControl "180+2"]
[Date "2023.07.11"]
[WhiteClock "0:00:06"]
[BlackClock "0:00:20"]
[Board "22"]

1. e4 c5 2. Nf3 d6 3. d4 cxd4 4. Nxd4 Nf6 5. Nc3 a6 6. Be2 g6 7. O-O Bg7 8. Be3 O-O 9. Nb3 b6 10. Bf3 Ra7 11. e5 Ne8 12. Nd5 Nd7 13. exd6 Nxd6 14. Bd4 Bb7 15. Bxg7 Kxg7 16. Re1 Bxd5 17. Qxd5 Nf6 18. Qd4 Rd7 19. Qd3 Qc8 20. Rad1 Rfd8 21. c3 h5 22. Nd4 Nb5 23. Qe3 Nxd4 24. cxd4 b5 25. Qe5 e6 26. Rc1 Qb8 27. Rc6 Rxd4 28. Qxb8 Rxb8 29. Rxa6 Rd2 30. b3 g5 31. g3 g4 32. Bc6 b4 33. Re5 Rc8 34. Rg5+ Kh6 35. Rc5 Ne4 36. Rc4 Ng5 37. Kf1 Nh3 38. Rxb4 Rxf2+ 39. Ke1 Rxh2 40. Rb7 Kg7 41. b4 Rd8 42. Raa7 Ng5 43. Rd7 Rxd7 44. Bxd7 Nf3+ 45. Kd1 Kf6 46. b5 h4 47. gxh4 g3 48. Ra3 Rd2+ 49. Kc1 Rf2 50. Bc6 g2 51. Rxf3+ Rxf3 52. Bxf3 g1=Q+ 53. Bd1 Qc5+ 0-1


[Site "https://www.chess.com"]

[Event "Titled Tuesday Blitz July 11 Early 2023"]
[White "Keymer, Vincent"]
[Black "Rodchenkov, Sergey D."]
[WhiteFideId "12940690"]
[BlackFideId "4168712"]
[WhiteElo "2924"]
[BlackElo "2575"]
[Result "1-0"]
[Round "4"]
[TimeControl "180+2"]
[Date "2023.07.11"]
[WhiteClock "0:00:55"]
[BlackClock "0:00:03"]
[Board "23"]

1. a3 d5 2. Nf3 Nf6 3. e3 c6 4. c4 Bf5 5. b3 e6 6. Be2 h6 7. Bb2 Nbd7 8. O-O Be7 9. Nc3 O-O 10. h3 Bh7 11. d3 a5 12. Re1 Qb6 13. Na4 Qc7 14. Rc1 Rfc8 15. cxd5 exd5 16. Bf1 Bd6 17. Nc3 Ne5 18. Nb5 Qb8 19. Nxd6 Nxf3+ 20. Qxf3 Qxd6 21. e4 Nd7 22. Qg4 Bg6 23. f4 Nf6 24. Qf3 Qd7 25. f5 Bh7 26. e5 Ne8 27. e6 fxe6 28. Rxe6 Nc7 29. Re5 Rf8 30. g4 Rae8 31. Rce1 Rxe5 32. Bxe5 Re8 33. d4 Nb5 34. Bxb5 cxb5 35. Rc1 Rc8 36. Rxc8+ Qxc8 37. Qxd5+ Kh8 38. Qxb5 Qc1+ 39. Kf2 Qd2+ 40. Qe2 Qc3 41. Qe3 Qc2+ 42. Kg3 Bg8 43. Qxh6+ 1-0


[Site "https://www.chess.com"]

[Event "Titled Tuesday Blitz July 11 Early 2023"]
[White "Shimanov, Aleksandr"]
[Black "Nasuta, Grzegorz"]
[WhiteFideId "4198603"]
[BlackFideId "1141686"]
[WhiteElo "2913"]
[BlackElo "2757"]
[Result "1-0"]
[Round "4"]
[TimeControl "180+2"]
[Date "2023.07.11"]
[WhiteClock "0:00:30"]
[BlackClock "0:00:00"]
[Board "24"]

1. c4 e5 2. g3 Nf6 3. Bg2 d5 4. cxd5 Nxd5 5. Nf3 Nc6 6. O-O Nb6 7. d3 Be7 8. Nbd2 O-O 9. b3 Re8 10. Bb2 Bf8 11. Rc1 f6 12. a3 a5 13. Ne4 Be6 14. Nc5 Bxc5 15. Rxc5 Qe7 16. Qc2 Qf7 17. Nd2 Bd5 18. Rc1 Bxg2 19. Kxg2 Re7 20. Nf3 Rd8 21. Bc3 Rd5 22. Be1 Rxc5 23. Qxc5 Qxb3 24. Bxa5 Na4 25. Qc4+ Qxc4 26. Rxc4 Nxa5 27. Rxa4 b6 28. Rb4 Kf7 29. g4 Rd7 30. h4 Ke6 31. Kg3 Rd8 32. h5 g6 33. hxg6 hxg6 34. Nh4 Kf7 35. Nf3 Ke6 36. Rb1 Ra8 37. Rc1 c5 38. Rb1 Ra6 39. Nd2 Nc6 40. Nc4 Nd4 41. e3 Ne2+ 42. Kf3 Nc3 43. Rxb6+ Rxb6 44. Nxb6 Kd6 45. Nc4+ Kc6 46. g5 e4+ 47. dxe4 fxg5 48. Ne5+ Kb5 49. Nxg6 c4 50. e5 Kc5 51. e6 Kd6 52. e7 Kd7 53. Ne5+ Kxe7 54. Nxc4 Kf6 55. Nb2 Nd5 56. a4 Nb4 57. a5 Na6 58. Nd3 Kf5 59. e4+ Kg6 60. Ke3 Kf6 61. Kd4 g4 62. Nc5 Nc7 63. a6 Kg5 64. Ke5 Kh4 65. Kf4 Kh3 66. a7 Kg2 67. Kxg4 Kxf2 68. e5 Ke3 69. e6 Kd4 70. e7 Kxc5 71. e8=Q Nxe8 72. a8=Q Nd6 73. Qa7+ Kd5 74. Kf4 Nc4 75. Qd7+ Kc5 76. Ke4 Nd6+ 77. Kd3 Kd5 78. Qg4 Ke5 79. Qg5+ Nf5 80. Qd8 Nd6 81. Qe7+ Kd5 82. Qe3 Nb5 83. Qg5+ Kc6 84. Kc4 Nd6+ 85. Kb4 1-0


[Site "https://www.chess.com"]

[Event "Titled Tuesday Blitz July 11 Early 2023"]
[White "Dau Khuong Duy"]
[Black "Goryachkina, Aleksandra"]
[WhiteFideId "12424722"]
[BlackFideId "4147103"]
[WhiteElo "2911"]
[BlackElo "2709"]
[Result "0-1"]
[Round "4"]
[TimeControl "180+2"]
[Date "2023.07.11"]
[WhiteClock "0:00:00"]
[BlackClock "0:00:05"]
[Board "25"]

1. e4 c5 2. Nf3 e6 3. g3 Nc6 4. Bg2 Nf6 5. Nc3 d5 6. exd5 exd5 7. O-O d4 8. Re1+ Be7 9. Ne4 O-O 10. d3 h6 11. a4 Be6 12. b3 Rc8 13. Bd2 Nd5 14. Qe2 Qd7 15. a5 Rfe8 16. Bc1 Bg4 17. Bb2 Bf8 18. Qf1 Ncb4 19. Rec1 f5 20. Ned2 Re7 21. h3 Bh5 22. a6 b6 23. c3 dxc3 24. Bxc3 Nxc3 25. Rxc3 g5 26. d4 Bg7 27. Rac1 Rce8 28. Rc4 g4 29. hxg4 fxg4 30. Nh4 Bxd4 31. Kh2 Re2 32. Rd1 Rxf2 33. Qh1 Re3 34. Nf1 Rxb3 35. Rd2 Rxd2 36. Nxd2 Rxg3 37. Ne4 Re3 38. Qf1 Qe7 39. Nf5 Qe5+ 40. Neg3 Bg6 41. Nxh6+ Kg7 0-1


[Site "https://www.chess.com"]

[Event "Titled Tuesday Blitz July 11 Early 2023"]
[White "Zakhartsov, Vladimir"]
[Black "Dimitrov, Atanas"]
[WhiteFideId "4145097"]
[BlackFideId "2901315"]
[WhiteElo "2910"]
[BlackElo "2705"]
[Result "1-0"]
[Round "4"]
[TimeControl "180+2"]
[Date "2023.07.11"]
[WhiteClock "0:00:04"]
[BlackClock "0:00:00"]
[Board "26"]

1. d4 Nf6 2. c4 g6 3. Nc3 d5 4. cxd5 Nxd5 5. e4 Nxc3 6. bxc3 Bg7 7. Bb5+ c6 8. Ba4 O-O 9. Nf3 b5 10. Bb3 a5 11. O-O Bb7 12. Re1 a4 13. Bc2 c5 14. Rb1 cxd4 15. cxd4 Ba6 16. Be3 Nd7 17. Bd3 Rb8 18. Qd2 Nf6 19. Bh6 Qb6 20. h3 Rfd8 21. Bxg7 Kxg7 22. d5 e6 23. Qg5 h6 24. Qf4 exd5 25. e5 Nh5 26. Qb4 d4 27. e6 Nf4 28. Ne5 Nxe6 29. Bxg6 Qc5 30. Bxf7 Qxb4 31. Rxb4 Nc5 32. Bg6 Rd6 33. Bb1 Re8 34. f4 Ne6 35. Nf3 Red8 36. f5 Nf4 37. Re4 d3 38. Rxf4 d2 39. Nxd2 Rxd2 40. f6+ Kf7 41. Be4 Rg8 42. a3 Rg5 43. Bf3 Rd6 44. Rbd4 Rxd4 45. Rxd4 Re5 46. Rd6 Bc8 47. Bh5+ 1-0


[Site "https://www.chess.com"]

[Event "Titled Tuesday Blitz July 11 Early 2023"]
[White "Liyanage, Ranindu Dilshan"]
[Black "Nguyen, Ngoc Truong Son"]
[WhiteFideId "9915834"]
[BlackFideId "12401110"]
[WhiteElo "2662"]
[BlackElo "2861"]
[Result "0-1"]
[Round "4"]
[TimeControl "180+2"]
[Date "2023.07.11"]
[WhiteClock "0:01:19"]
[BlackClock "0:00:17"]
[Board "27"]

1. e4 c5 2. c3 d5 3. exd5 Qxd5 4. d4 Nf6 5. Nf3 Nc6 6. Bb5 Bd7 7. O-O cxd4 8. cxd4 Qxb5 9. Nc3 Qh5 10. d5 Nb4 11. Qb3 e6 12. a3 Nbxd5 13. Qxb7 Rd8 14. Nb5 Be7 15. Nxa7 O-O 16. Nc6 Bxc6 17. Qxc6 Rb8 18. b4 Rfc8 19. Qa6 Ra8 20. Qb7 Rcb8 21. Qc6 Nxb4 22. Qc4 Nbd5 23. Nd4 Bd6 24. h3 Qe5 25. g3 Rc8 26. Qd3 Rc3 27. Qd2 Ne4 28. Qd1 Rxg3+ 0-1


[Site "https://www.chess.com"]

[Event "Titled Tuesday Blitz July 11 Early 2023"]
[White "Timofeev, Artyom"]
[Black "Dronavalli, Harika"]
[WhiteFideId "4140419"]
[BlackFideId "5015197"]
[WhiteElo "2845"]
[BlackElo "2655"]
[Result "1/2-1/2"]
[Round "4"]
[TimeControl "180+2"]
[Date "2023.07.11"]
[WhiteClock "0:00:08"]
[BlackClock "0:00:12"]
[Board "28"]

1. d4 d5 2. c4 e6 3. Nc3 c6 4. e3 Nf6 5. Bd3 dxc4 6. Bxc4 b5 7. Bd3 a6 8. Qf3 Bb7 9. Nge2 Nbd7 10. O-O Qb8 11. Qh3 c5 12. Ng3 Be7 13. a4 c4 14. Bb1 b4 15. Nce4 Qc7 16. Nxf6+ Nxf6 17. e4 c3 18. Bd3 Rc8 19. Bg5 cxb2 20. Rad1 Qc3 21. d5 Qe5 22. Be3 h5 23. dxe6 Qxe6 24. Nf5 Kf8 25. Bd4 Rc3 26. Bxc3 bxc3 27. Bc2 Nxe4 28. Rfe1 g6 29. Nxe7 Qxh3 30. gxh3 Nd2 31. Re3 Kg7 32. Rxc3 Nf3+ 33. Kf1 Re8 34. Re3 Nxh2+ 35. Ke2 Bf3+ 36. Rxf3 Nxf3 37. Kxf3 Rxe7 38. Rb1 Rb7 39. Ke3 Rb4 40. Kd3 g5 41. Kc3 Rh4 42. Rxb2 Rxh3+ 43. Kb4 Rf3 44. Bd1 Rf5 45. Bxh5 g4 46. Bxg4 Rf4+ 47. Ka5 Rxg4 48. Rb4 Rg2 49. Rf4 Rg6 50. Rf5 Re6 51. Rc5 f6 52. f4 Rd6 53. Rc7+ Kg6 54. Ra7 Rd4 55. Rxa6 Rxf4 56. Kb5 Re4 57. Ra8 Kg5 58. a5 f5 59. a6 Re5+ 60. Kb4 Re4+ 61. Kb3 Re6 62. Kc4 Kf4 63. Kb5 Kf3 64. Rf8 Re5+ 65. Kb4 Re4+ 66. Kc5 Re5+ 67. Kb6 Re6+ 68. Kb5 Re5+ 69. Kc4 Re4+ 70. Kd3 Re3+ 71. Kd2 Re2+ 72. Kd1 Ra2 73. Rxf5+ Ke4 74. Rf6 Ke5 75. Rh6 Kd5 76. Kc1 Kc5 77. Kb1 Ra4 78. Kb2 Kb5 79. Kb3 Rxa6 80. Rxa6 Kxa6 1/2-1/2


[Site "https://www.chess.com"]

[Event "Titled Tuesday Blitz July 11 Early 2023"]
[White "Skliarov, Viktor"]
[Black "Molina, Roberto Junio Brito"]
[WhiteFideId "14106736"]
[BlackFideId "2109450"]
[WhiteElo "2619"]
[BlackElo "2841"]
[Result "0-1"]
[Round "4"]
[TimeControl "180+2"]
[Date "2023.07.11"]
[WhiteClock "0:01:03"]
[BlackClock "0:00:46"]
[Board "29"]

1. e4 c6 2. d4 d5 3. e5 Bf5 4. Nf3 e6 5. Be2 Nd7 6. O-O Bg6 7. a4 Ne7 8. a5 Nf5 9. a6 b5 10. Bf4 Be7 11. g4 Nh6 12. h3 O-O 13. Qd2 Kh8 14. Bxh6 gxh6 15. Qxh6 f5 16. exf6 Bxf6 17. c3 e5 18. dxe5 Nxe5 19. Nxe5 Bxe5 20. f4 Bg7 21. Qg5 Bf6 22. Qh6 Qb6+ 23. Rf2 Qe3 24. g5 Be5 25. Na3 Bxf4 26. Rf1 Bxg5 0-1


[Site "https://www.chess.com"]

[Event "Titled Tuesday Blitz July 11 Early 2023"]
[White "Goldin, Alexander"]
[Black "Pakleza, Zbigniew"]
[WhiteFideId "2019540"]
[BlackFideId "1119290"]
[WhiteElo "2615"]
[BlackElo "2828"]
[Result "1/2-1/2"]
[Round "4"]
[TimeControl "180+2"]
[Date "2023.07.11"]
[WhiteClock "0:00:16"]
[BlackClock "0:01:04"]
[Board "30"]

1. Nf3 d5 2. g3 Nf6 3. Bg2 Bf5 4. c4 c6 5. Qb3 Qb6 6. d3 e6 7. Be3 Qxb3 8. axb3 a6 9. Nc3 Nbd7 10. O-O Be7 11. h3 h6 12. cxd5 Nxd5 13. Nxd5 exd5 14. Bd4 O-O 15. Ne5 Nxe5 16. Bxe5 Rfe8 17. Bd4 Bb4 18. g4 Be6 19. Bf3 c5 20. Bc3 a5 21. d4 b6 22. Rfd1 Red8 23. Bxb4 cxb4 24. Rdc1 Rdc8 25. Kf1 Kf8 26. Ke1 Ke7 27. Kd2 Kd6 28. e3 g5 29. Be2 f6 30. h4 Bd7 31. hxg5 hxg5 32. Rh1 Rh8 33. f3 b5 34. Rxa5 Rxh1 35. Rxa8 Rh2 36. Ra6+ Ke7 37. Ke1 Rh1+ 38. Kd2 Rh2 39. Ke1 Rh1+ 40. Kd2 Rh2 1/2-1/2


[Site "https://www.chess.com"]

[Event "Titled Tuesday Blitz July 11 Early 2023"]
[White "Kosteniuk, Alexandra"]
[Black "Parpiev, Isaak"]
[WhiteFideId "4128125"]
[BlackFideId "34281576"]
[WhiteElo "2797"]
[BlackElo "2586"]
[Result "0-1"]
[Round "4"]
[TimeControl "180+2"]
[Date "2023.07.11"]
[WhiteClock "0:00:00"]
[BlackClock "0:00:07"]
[Board "31"]

1. e4 e6 2. d4 b6 3. Bd3 Bb7 4. Ne2 c5 5. O-O cxd4 6. Nxd4 Nc6 7. Nxc6 Bxc6 8. Nc3 d6 9. Bb5 Bxb5 10. Nxb5 Qd7 11. c4 Nf6 12. Qd3 a6 13. Nc3 Be7 14. Rd1 Qc6 15. b3 O-O 16. Bb2 Rac8 17. Rac1 Rfd8 18. h3 h6 19. Qe3 Qb7 20. a4 Nd7 21. Ne2 Bf6 22. Bxf6 Nxf6 23. Nc3 Rd7 24. Rd2 b5 25. axb5 axb5 26. Nxb5 Nxe4 27. Rd4 d5 28. Rcd1 Nf6 29. Qe5 Rcd8 30. R1d3 dxc4 31. bxc4 Rxd4 32. Rxd4 Rxd4 33. Qxd4 Qc6 34. Qd8+ Kh7 35. Qd3+ g6 36. Qd4 Ne4 37. f3 Nc5 38. Nc3 Nb3 39. Qf6 Kg8 40. Qd8+ Kg7 41. Qd3 Qc5+ 42. Kh2 Nd4 43. Ne4 Qe5+ 44. Kg1 h5 45. Kf2 h4 46. Qe3 Nf5 47. Qc3 Qxc3 48. Nxc3 Nd4 49. Ne4 f5 50. Nc5 Kf6 51. Nd3 e5 52. Ke3 Nc6 53. Nc5 g5 54. Kd3 Ke7 55. Na4 Kd6 56. Nc3 Nd4 57. Nd5 Ne6 58. Ke3 Nc5 59. Nf6 Ne6 60. Nh5 Kc5 61. Kd3 Kc6 62. Kc3 Kc5 63. Kd3 Nf4+ 64. Nxf4 gxf4 65. Kc3 e4 66. Kb3 e3 67. Kc3 Kd6 68. Kd3 Kc6 69. Kc3 Kc5 70. Kd3 Kb4 71. c5 Kxc5 72. Kc3 Kb5 73. Kd3 Kb4 74. Ke2 Kc3 75. Ke1 Kd3 76. Kf1 Kd2 77. Kg1 e2 78. Kh2 e1=Q 0-1


[Site "https://www.chess.com"]

[Event "Titled Tuesday Blitz July 11 Early 2023"]
[White "Hajiyev, Kanan"]
[Black "Tristan, Leonardo"]
[WhiteFideId "13404148"]
[BlackFideId "113816"]
[WhiteElo "2534"]
[BlackElo "2773"]
[Result "0-1"]
[Round "4"]
[TimeControl "180+2"]
[Date "2023.07.11"]
[WhiteClock "0:00:20"]
[BlackClock "0:01:49"]
[Board "32"]

1. d4 d5 2. c4 e6 3. cxd5 exd5 4. Nc3 a6 5. Bg5 Qxg5 6. Nf3 Qd8 7. e3 Nf6 8. Bd3 Be7 9. h3 O-O 10. g4 Re8 11. g5 Ne4 12. Qc2 Nc6 13. Nxd5 Bb4+ 14. Nxb4 Nxb4 15. Qb1 Nxd3+ 16. Qxd3 Nxg5 17. Ne5 Rxe5 18. f4 Bf5 19. Qe2 Be4 20. O-O-O Bxh1 21. dxe5 Qe8 22. Rxh1 Qc6+ 0-1


[Site "https://www.chess.com"]

[Event "Titled Tuesday Blitz July 11 Early 2023"]
[White "Nihal Sarin"]
[Black "Arencibia Monduy, Antonio"]
[WhiteFideId "25092340"]
[BlackFideId "3507939"]
[WhiteElo "3030"]
[BlackElo "2572"]
[Result "1-0"]
[Round "4"]
[TimeControl "180+2"]
[Date "2023.07.11"]
[WhiteClock "0:00:06"]
[BlackClock "0:00:00"]
[Board "33"]

1. d4 e6 2. e4 d5 3. Bb5+ Nd7 4. c4 dxe4 5. Nc3 Nf6 6. Nh3 Be7 7. O-O O-O 8. Ng5 c5 9. d5 exd5 10. cxd5 Nb6 11. Ngxe4 Nxe4 12. Nxe4 Qxd5 13. Qe2 Be6 14. Nc3 Qf5 15. Bd3 Qg4 16. f3 Qh5 17. Re1 Rfe8 18. Be3 c4 19. Be4 Bc5 20. Qf2 Bxe3 21. Rxe3 Rab8 22. Rae1 f5 23. Bxb7 Bf7 24. Rxe8+ Rxe8 25. Rxe8+ Bxe8 26. Qd4 Qf7 27. Bd5 Nxd5 28. Qxd5 Qxd5 29. Nxd5 g6 30. Nf6+ Kf7 31. Nxe8 Kxe8 32. Kf2 f4 33. g3 g5 34. gxf4 gxf4 35. Kg2 Ke7 36. Kh3 Kf6 37. Kg4 Ke5 38. h4 h6 39. h5 a6 40. a3 a5 41. a4 Kd4 42. Kxf4 Kc5 43. Ke4 Kb4 44. f4 Kb3 45. Kd4 Kxb2 46. Kxc4 Ka3 47. Kb5 1-0


[Site "https://www.chess.com"]

[Event "Titled Tuesday Blitz July 11 Early 2023"]
[White "Movahed, Sina"]
[Black "Manukyan, Artyom"]
[WhiteFideId "42520835"]
[BlackFideId "13305786"]
[WhiteElo "3010"]
[BlackElo "2581"]
[Result "1-0"]
[Round "4"]
[TimeControl "180+2"]
[Date "2023.07.11"]
[WhiteClock "0:01:49"]
[BlackClock "0:01:06"]
[Board "34"]

1. e4 c5 2. Nf3 d6 3. d4 cxd4 4. Nxd4 Nf6 5. Nc3 g6 6. Be3 Bg7 7. f3 O-O 8. Qd2 Nc6 9. O-O-O d5 10. Nxc6 bxc6 11. Bc4 Be6 12. Bb3 Qc7 13. Bh6 d4 14. Bxg7 dxc3 15. Qh6 Bxb3 16. Bxf8 Rxf8 17. axb3 Qa5 18. bxc3 Qxc3 19. Kb1 a5 20. Qd2 Qc5 21. Qd4 Qb5 22. Qc4 Qb6 23. Rd2 Ra8 24. Qa4 c5 25. Rhd1 Rc8 26. e5 Nh5 27. Qd7 Rb8 28. Qxe7 a4 29. Rd8+ 1-0


[Site "https://www.chess.com"]

[Event "Titled Tuesday Blitz July 11 Early 2023"]
[White "Deac, Bogdan-Daniel"]
[Black "Leebit02"]
[WhiteFideId "1226380"]
[WhiteElo "2982"]
[BlackElo "2580"]
[Result "1-0"]
[Round "4"]
[TimeControl "180+2"]
[Date "2023.07.11"]
[WhiteClock "0:00:44"]
[BlackClock "0:00:00"]
[Board "35"]

1. b3 Nf6 2. Bb2 d5 3. e3 c5 4. Nf3 g6 5. Bxf6 exf6 6. d4 Nc6 7. c3 Be6 8. g3 Rc8 9. Bg2 cxd4 10. exd4 Bg7 11. O-O O-O 12. Re1 f5 13. Qd2 h6 14. h4 a6 15. Na3 Qa5 16. Nc2 Nb8 17. Nb4 Nd7 18. Ne5 Nxe5 19. dxe5 Rfd8 20. Rad1 Bf8 21. Nxd5 Kg7 22. Re3 Bxd5 23. Bxd5 Rc5 24. Rd3 Rc7 25. Qb2 Kh7 26. c4 Bg7 27. Qe2 Qc5 28. Kg2 Qe7 29. f4 b6 30. h5 g5 31. Kh3 Bh8 32. Re3 f6 33. Qd3 Qd7 34. e6 Qg7 35. Qxf5+ 1-0


[Site "https://www.chess.com"]

[Event "Titled Tuesday Blitz July 11 Early 2023"]
[White "Soham Kamotra"]
[Black "Oparin, Grigoriy"]
[WhiteFideId "46647490"]
[BlackFideId "24125890"]
[WhiteElo "2580"]
[BlackElo "2949"]
[Result "0-1"]
[Round "4"]
[TimeControl "180+2"]
[Date "2023.07.11"]
[WhiteClock "0:00:02"]
[BlackClock "0:00:04"]
[Board "36"]

1. Nf3 c5 2. b3 Nc6 3. Bb2 d6 4. d4 cxd4 5. Nxd4 Nf6 6. c4 g6 7. e3 Bg7 8. Be2 O-O 9. O-O Bd7 10. Nc3 a6 11. Rc1 Rc8 12. Qd2 Qa5 13. Rfd1 Rfe8 14. h3 Qg5 15. Nf3 Qc5 16. Bd3 Qa5 17. a3 Qb6 18. b4 Red8 19. Nd5 Nxd5 20. cxd5 Ne5 21. Nxe5 Bxe5 22. Bxe5 dxe5 23. Bf1 Qd6 24. e4 Kg7 25. Qe3 Ba4 26. Re1 Bd7 27. Rc5 Rxc5 28. bxc5 Qc7 29. Qc3 f6 30. Qb4 Bc8 31. f3 g5 32. a4 a5 33. Qc3 Bd7 34. Bb5 Rc8 35. Rc1 Be8 36. Kf2 Bf7 37. Qe3 h6 38. Ke1 Rd8 39. Rc3 Qb8 40. Qd2 Qc7 41. Rc2 Rh8 42. Kf2 h5 43. Rc1 g4 44. hxg4 hxg4 45. fxg4 Bg6 46. Qe2 Qc8 47. Kg3 Qg8 48. Rc3 Qh7 49. Kf2 Qh2 50. d6 exd6 51. cxd6 Qf4+ 52. Rf3 Qc1 53. d7 Qc5+ 54. Qe3 Qc2+ 55. Qe2 Qc5+ 56. Qe3 Qe7 57. Qc3 Bxe4 58. Re3 Bg6 59. Qc8 Rd8 60. Rc3 Kf7 61. Qc7 Be4 62. Bc4+ Kg6 63. Bb5 Bc6 64. Bd3+ e4 65. Rxc6 bxc6 66. Be2 Rxd7 67. Qxc6 Rd4 68. Qb5 Qe5 69. Qe8+ Kg7 70. Qh5 Qxh5 71. gxh5 Rxa4 72. Ke3 Rb4 73. Bb5 Rxb5 0-1


[Site "https://www.chess.com"]

[Event "Titled Tuesday Blitz July 11 Early 2023"]
[White "Svane, Rasmus"]
[Black "Streltsov, Alexey"]
[WhiteFideId "4657101"]
[BlackFideId "24104434"]
[WhiteElo "2949"]
[BlackElo "2580"]
[Result "1-0"]
[Round "4"]
[TimeControl "180+2"]
[Date "2023.07.11"]
[WhiteClock "0:02:33"]
[BlackClock "0:01:15"]
[Board "37"]

1. Nf3 d5 2. g3 Nc6 3. d4 Bf5 4. Bg2 Nb4 5. Na3 e6 6. O-O Nf6 7. c3 Nc6 8. Qb3 Rb8 9. Bg5 Be7 10. Bxf6 Bxf6 11. Nd2 O-O 12. e4 dxe4 13. Nxe4 Bxe4 14. Bxe4 Ne7 15. Nc4 b6 16. a4 c5 17. dxc5 bxc5 18. Qc2 Qc7 19. Bxh7+ Kh8 20. Be4 Nd5 21. Qd1 g6 22. Bxd5 Rfd8 23. Qf3 1-0


[Site "https://www.chess.com"]

[Event "Titled Tuesday Blitz July 11 Early 2023"]
[White "Gontcharov, Vladislav"]
[Black "Tahbaz, Arash"]
[WhiteFideId "4123492"]
[BlackFideId "12528846"]
[WhiteElo "2577"]
[BlackElo "2945"]
[Result "1-0"]
[Round "4"]
[TimeControl "180+2"]
[Date "2023.07.11"]
[WhiteClock "0:00:14"]
[BlackClock "0:00:03"]
[Board "38"]

1. d4 Nf6 2. c4 g6 3. Nc3 Bg7 4. Nf3 O-O 5. Bg5 c5 6. d5 h6 7. Bf4 d6 8. h3 Re8 9. e3 Na6 10. Be2 Nc7 11. O-O a6 12. a4 Bd7 13. a5 Rb8 14. Nd2 b5 15. axb6 Rxb6 16. Ra2 Qb8 17. Qc2 Qb7 18. e4 Rb8 19. b3 e5 20. Be3 Re8 21. Na4 Rb4 22. Nb2 Bc8 23. Nd3 Rb6 24. Rb1 Nxe4 25. Nxe4 f5 26. Nexc5 dxc5 27. Bxc5 e4 28. Nf4 Be5 29. Bxb6 Qxb6 30. Ne6 Bxe6 31. dxe6 Nxe6 32. c5 Nxc5 33. b4 Rb8 34. Rc1 Nd7 35. Rxa6 Qxb4 36. Rxg6+ Kh7 37. Qc6 Rb6 38. Rxh6+ Kg7 39. Qxd7+ Kxh6 40. Qxf5 Qd2 41. Qh5+ Kg7 42. Qxe5+ Kh6 43. Qh5+ Kg7 44. Rc7+ Kf6 45. Qh4+ Ke5 46. Re7+ Kd6 47. Qf6+ Kc5 48. Rc7+ Kb4 49. Qxb6+ 1-0


[Site "https://www.chess.com"]

[Event "Titled Tuesday Blitz July 11 Early 2023"]
[White "Makarian, Rudik"]
[Black "ArtemDyachuk"]
[WhiteFideId "44105681"]
[WhiteElo "2938"]
[BlackElo "2576"]
[Result "1-0"]
[Round "4"]
[TimeControl "180+2"]
[Date "2023.07.11"]
[WhiteClock "0:00:34"]
[BlackClock "0:00:00"]
[Board "39"]

1. d4 Nf6 2. c4 e6 3. Nf3 c5 4. Nc3 cxd4 5. Nxd4 Nc6 6. g3 Bc5 7. Nb3 Bb6 8. Bg2 O-O 9. O-O d6 10. Bf4 Bc7 11. Qd2 Ne5 12. Nb5 Bb8 13. Bxe5 dxe5 14. Qxd8 Rxd8 15. Rfd1 Re8 16. Nc5 a6 17. Nd6 Bxd6 18. Rxd6 Ra7 19. Rad1 Kf8 20. Rb6 Ke7 21. b4 Nd7 22. Nxd7 Bxd7 23. c5 a5 24. bxa5 Rc8 25. Bxb7 Rxc5 26. a6 Rc2 27. e3 Rxa2 28. Kg2 h5 29. h4 Ra5 30. Rdb1 Rc5 31. Bf3 Ra5 32. Bb7 Rc5 33. Ra1 f5 34. Bf3 e4 35. Bxh5 1-0


[Site "https://www.chess.com"]